EVO
UNIVERSITY OF ILLINOIS FIGHTING ILLINI @ OHIO STATE UNIVERSITY BUCKEYES
08/22/2047
 
TOP OF THE 1ST
University of Illinois Fighting Illini batting - Pitching for Ohio State University Buckeyes : RHP Ben Fekete
Pitching: RHP Ben Fekete
Batting: LHB Alex Ramos 0-0: Foul Ball, location: 2F
0-1: Foul Ball, location: 2F
0-2: Ball
1-2: SINGLE (Groundball, 34D, EV 103.1 MPH)
Batting: SHB Dan Strickland 0-0: Called Strike
0-1: Ball
1-1: Fly out, F8 (Flyball, 78S, EV 96.2 MPH)
Batting: LHB Alex Rivera 0-0: Foul Ball, location: 2F
0-1: Ball
1-1: Swinging Strike
1-2: Foul Ball, location: 2F
1-2: Foul Ball, location: 2F
1-2: Ball
2-2: Ball
Alex Ramos is caught stealing 2nd base 2-6
3-2: Ground out U3 (Groundball, 3S, EV 83.8 MPH)
Top of the 1st over - 0 runs, 1 hit, 0 errors, 0 left on base; University of Illinois 0 - Ohio State University 0
BOTTOM OF THE 1ST
Ohio State University Buckeyes batting - Pitching for University of Illinois Fighting Illini : LHP Antonio Sandoval
Pitching: LHP Antonio Sandoval
Batting: RHB Mike Tarantino 0-0: Swinging Strike
0-1: Ball
1-1: Ball
2-1: Called Strike
2-2: Foul Ball, location: 2F
2-2: Foul Ball, location: 2F
2-2: Fly out, F7 (Flyball, 7LS, EV 81.2 MPH)
Batting: LHB Anthony Ross 0-0: Foul Ball, location: 2F
0-1: Ground out U3 (Groundball, 34, EV 101.9 MPH)
Batting: RHB Tristan Gimple 0-0: Called Strike
0-1: Ball
1-1: Ground out 5-3 (Groundball, 56, EV 100.6 MPH)
Bottom of the 1st over - 0 runs, 0 hits, 0 errors, 0 left on base; University of Illinois 0 - Ohio State University 0
TOP OF THE 2ND
University of Illinois Fighting Illini batting - Pitching for Ohio State University Buckeyes : RHP Ben Fekete
Batting: LHB Antonio Sandoval 0-0: Ball
1-0: Ball
2-0: Fly out, F8 (Flyball, 8RD, EV 83.8 MPH)
Batting: RHB Qian Tai 0-0: Foul Ball, location: 2F
0-1: Fly out, F9 (Line Drive, 9LM, EV 98.1 MPH)
Batting: RHB Arnold Schuler 0-0: Fly out, F8 (Flyball, 8RD, EV 108.1 MPH)
Top of the 2nd over - 0 runs, 0 hits, 0 errors, 0 left on base; University of Illinois 0 - Ohio State University 0
BOTTOM OF THE 2ND
Ohio State University Buckeyes batting - Pitching for University of Illinois Fighting Illini : LHP Antonio Sandoval
Batting: LHB Tony Abascal 0-0: Called Strike
0-1: Ground out 4-3 (Groundball, 4M, EV 105.6 MPH)
Batting: RHB Masatoshi Mori 0-0: Called Strike
0-1: Foul Ball, location: 2F
0-2: Strikes out looking
Batting: RHB Bo Wu 0-0: Foul Ball, location: 2F
0-1: Ball
1-1: Fly out, F8 (Flyball, 8LS, EV 77.5 MPH)
Bottom of the 2nd over - 0 runs, 0 hits, 0 errors, 0 left on base; University of Illinois 0 - Ohio State University 0
TOP OF THE 3RD
University of Illinois Fighting Illini batting - Pitching for Ohio State University Buckeyes : RHP Ben Fekete
Batting: RHB Bobby Raya 0-0: Ball
1-0: Ball
2-0: Ball
3-0: Base on Balls
Batting: RHB Edwardo Tanchez 0-0: Ball
1-0: Swinging Strike
1-1: Ball
2-1: Called Strike
2-2: SINGLE (Groundball, P, EV 91.2 MPH) (infield hit)
Bobby Raya to second
Batting: RHB Kyle Verkamp 0-0: Called Strike
0-1: Grounds into double play, 4-6-3 (Groundball, 4M, EV 77.5 MPH)
Bobby Raya to third
Batting: LHB Alex Ramos 0-0: Called Strike
0-1: Foul Ball, location: 2F
0-2: Ball
1-2: Strikes out swinging
Top of the 3rd over - 0 runs, 1 hit, 0 errors, 1 left on base; University of Illinois 0 - Ohio State University 0
BOTTOM OF THE 3RD
Ohio State University Buckeyes batting - Pitching for University of Illinois Fighting Illini : LHP Antonio Sandoval
Batting: LHB Adam Simpson 0-0: Fly out, F9 (Flyball, 9LS, EV 84.4 MPH)
Batting: RHB Marcelo Bardelli 0-0: Ball
1-0: Foul Ball, location: 2F
1-1: Foul Ball, location: 2F
1-2: Strikes out looking
Batting: LHB Ben Callaway 0-0: Called Strike
0-1: Ball
1-1: DOUBLE (Groundball, 5L, EV 101.2 MPH)
Batting: RHB Mike Tarantino 0-0: Ball
1-0: Foul Ball, location: 2F
1-1: Called Strike
1-2: Foul Ball, location: 2F
1-2: Foul Ball, location: 2F
1-2: Ground out 5-3 (Groundball, 5L, EV 81.9 MPH)
Bottom of the 3rd over - 0 runs, 1 hit, 0 errors, 1 left on base; University of Illinois 0 - Ohio State University 0
TOP OF THE 4TH
University of Illinois Fighting Illini batting - Pitching for Ohio State University Buckeyes : RHP Ben Fekete
Batting: SHB Dan Strickland 0-0: Ground out 6-3 (Groundball, 6M, EV 88.8 MPH)
Batting: LHB Alex Rivera 0-0: Called Strike
0-1: Ball
1-1: Ball
2-1: Ball
3-1: Base on Balls
Batting: LHB Antonio Sandoval 0-0: Ball
1-0: SINGLE (Groundball, 3D, EV 95.6 MPH)
Alex Rivera to second
Runner from 2nd tries for 3rd, SAFE, throw by RF made to third
Batting: RHB Qian Tai 0-0: Called Strike
0-1: Foul Ball, location: 2F
0-2: Ball
1-2: Ball
Wild Pitch!
Alex Rivera scores
Antonio Sandoval to second
2-2: Foul Ball, location: 2F
2-2: Strikes out swinging
Batting: RHB Arnold Schuler 0-0: Called Strike
0-1: Swinging Strike
0-2: DOUBLE (Line Drive, 5D, EV 103.8 MPH)
Antonio Sandoval scores
Batting: RHB Bobby Raya 0-0: Foul Ball, location: 2F
0-1: Ball
1-1: Ball
2-1: Fly out, F8 (Flyball, 8RXD, EV 80.6 MPH)
Top of the 4th over - 2 runs, 2 hits, 0 errors, 1 left on base; University of Illinois 2 - Ohio State University 0
BOTTOM OF THE 4TH
Ohio State University Buckeyes batting - Pitching for University of Illinois Fighting Illini : LHP Antonio Sandoval
Batting: LHB Anthony Ross 0-0: Swinging Strike
0-1: Ball
1-1: Ground out 4-3 (Groundball, 4, EV 82.5 MPH)
Batting: RHB Tristan Gimple 0-0: Swinging Strike
0-1: Swinging Strike
0-2: Ball
1-2: Ball
2-2: Foul Ball, location: 2F
2-2: Ground out 6-3 (Groundball, 56, EV 78.8 MPH)
Batting: LHB Tony Abascal 0-0: Foul Ball, location: 2F
0-1: Called Strike
0-2: Foul Ball, location: 2F
0-2: Strikes out looking
Bottom of the 4th over - 0 runs, 0 hits, 0 errors, 0 left on base; University of Illinois 2 - Ohio State University 0
TOP OF THE 5TH
University of Illinois Fighting Illini batting - Pitching for Ohio State University Buckeyes : RHP Ben Fekete
Batting: RHB Edwardo Tanchez 0-0: Foul Ball, location: 2F
0-1: Ball
1-1: Foul Ball, location: 2F
1-2: Foul Ball, location: 2F
1-2: Strikes out swinging
Batting: RHB Kyle Verkamp 0-0: Ball
1-0: Foul Ball, location: 2F
1-1: SINGLE (Groundball, 6MD, EV 100.6 MPH)
Batting: LHB Alex Ramos 0-0: Called Strike
0-1: Called Strike
0-2: Fielders Choice at 2nd, 4-6 (Groundball, 34, EV 83.8 MPH)
Batting: SHB Dan Strickland 0-0: Ball
1-0: Ball
2-0: Ball
3-0: Base on Balls
Alex Ramos to second
Batting: LHB Alex Rivera 0-0: Called Strike
0-1: DOUBLE (Line Drive, 7LM, EV 113.8 MPH)
Alex Ramos scores
Dan Strickland to third
Runner from 3rd tries for Home, SAFE, throw by LF to home
Batting: LHB Antonio Sandoval 0-0: Ball
1-0: SINGLE (Line Drive, 89M, EV 93.8 MPH)
Alex Rivera to third
Runner from 3rd tries for Home, SAFE, throw by RF to home
Batting: RHB Qian Tai 0-0: Ball
1-0: Ball
2-0: Fielders Choice at 2nd, 5-4 (Groundball, 5, EV 89.4 MPH)
Top of the 5th over - 3 runs, 3 hits, 0 errors, 1 left on base; University of Illinois 5 - Ohio State University 0
BOTTOM OF THE 5TH
Ohio State University Buckeyes batting - Pitching for University of Illinois Fighting Illini : LHP Antonio Sandoval
Batting: RHB Masatoshi Mori 0-0: Ball
1-0: Fly out, F7 (Flyball, 7LM, EV 82.5 MPH)
Batting: RHB Bo Wu 0-0: Ball
1-0: Ball
2-0: Foul Ball, location: 2F
2-1: Foul Ball, location: 2F
2-2: Strikes out swinging
Batting: LHB Adam Simpson 0-0: Ball
1-0: Ball
2-0: Ball
3-0: Called Strike
3-1: Called Strike
3-2: SINGLE (Groundball, 4MD, EV 105.6 MPH)
Batting: RHB Marcelo Bardelli 0-0: Called Strike
0-1: Called Strike
0-2: Strikes out swinging
Bottom of the 5th over - 0 runs, 1 hit, 0 errors, 1 left on base; University of Illinois 5 - Ohio State University 0
TOP OF THE 6TH
University of Illinois Fighting Illini batting - Pitching for Ohio State University Buckeyes : RHP Ben Fekete
Batting: RHB Arnold Schuler 0-0: Ground out 6-3 (Groundball, 6, EV 76.2 MPH)
Pitching: RHP Neville MacDonald
Batting: RHB Bobby Raya 0-0: Swinging Strike
0-1: Called Strike
0-2: SINGLE (Groundball, 6MD, EV 98.1 MPH)
Batting: RHB Edwardo Tanchez 0-0: Swinging Strike
0-1: Foul Ball, location: 2F
0-2: Ball
1-2: Ball
2-2: Strikes out swinging
Batting: RHB Kyle Verkamp 0-0: Swinging Strike
0-1: Called Strike
0-2: Ball
1-2: Strikes out looking
Top of the 6th over - 0 runs, 1 hit, 0 errors, 1 left on base; University of Illinois 5 - Ohio State University 0
BOTTOM OF THE 6TH
Ohio State University Buckeyes batting - Pitching for University of Illinois Fighting Illini : LHP Antonio Sandoval
Batting: LHB Ben Callaway 0-0: Called Strike
0-1: Swinging Strike
0-2: Strikes out looking
Batting: RHB Mike Tarantino 0-0: DOUBLE (Line Drive, 7LM, EV 100.0 MPH)
Batting: LHB Anthony Ross 0-0: Called Strike
0-1: Fly out, F7 (Flyball, 7LM, EV 103.8 MPH)
Batting: RHB Tristan Gimple 0-0: Ball
1-0: Ball
2-0: Fly out, F7 (Flyball, 78M, EV 82.5 MPH)
Bottom of the 6th over - 0 runs, 1 hit, 0 errors, 1 left on base; University of Illinois 5 - Ohio State University 0
TOP OF THE 7TH
University of Illinois Fighting Illini batting - Pitching for Ohio State University Buckeyes : RHP Neville MacDonald
Batting: LHB Alex Ramos 0-0: Ball
1-0: Foul Ball, location: 2F
1-1: Ball
2-1: Foul Ball, location: 2F
2-2: Ground out 4-3 (Groundball, 4, EV 112.5 MPH)
Batting: SHB Dan Strickland 0-0: Called Strike
0-1: Ball
1-1: Fly out, F8 (Line Drive, 8LM, EV 90.0 MPH)
Pitching: RHP Josh Henderson
Batting: LHB Alex Rivera 0-0: Ball
1-0: Called Strike
1-1: Ground out 2-3 (Groundball, 2L, EV 63.8 MPH)
Top of the 7th over - 0 runs, 0 hits, 0 errors, 0 left on base; University of Illinois 5 - Ohio State University 0
BOTTOM OF THE 7TH
Ohio State University Buckeyes batting - Pitching for University of Illinois Fighting Illini : LHP Antonio Sandoval
Batting: LHB Tony Abascal 0-0: Ball
1-0: Swinging Strike
1-1: Called Strike
1-2: Foul Ball, location: 2F
1-2: Strikes out swinging
Batting: RHB Masatoshi Mori 0-0: Called Strike
0-1: Called Strike
0-2: Strikes out looking
Batting: RHB Bo Wu 0-0: Called Strike
0-1: Fly out, F8 (Flyball, 8LM, EV 81.9 MPH)
Bottom of the 7th over - 0 runs, 0 hits, 0 errors, 0 left on base; University of Illinois 5 - Ohio State University 0
TOP OF THE 8TH
University of Illinois Fighting Illini batting - Pitching for Ohio State University Buckeyes : RHP Josh Henderson
Batting: LHB Antonio Sandoval 0-0: Ball
1-0: Ball
2-0: Ball
3-0: Base on Balls
Batting: RHB Qian Tai 0-0: Ball
1-0: Foul Ball, location: 2F
1-1: Ball
2-1: Fly out, F3 (Line Drive, 3L, EV 73.8 MPH)
Batting: RHB Arnold Schuler 0-0: Ball
1-0: Foul Ball, location: 2F
1-1: Called Strike
1-2: Fly out, F7 (Line Drive, 7LS, EV 97.5 MPH)
Batting: RHB Bobby Raya 0-0: Fly out, F8 (Flyball, 8LD, EV 105.0 MPH)
Top of the 8th over - 0 runs, 0 hits, 0 errors, 1 left on base; University of Illinois 5 - Ohio State University 0
BOTTOM OF THE 8TH
Ohio State University Buckeyes batting - Pitching for University of Illinois Fighting Illini : LHP Antonio Sandoval
Batting: LHB Adam Simpson 0-0: Called Strike
0-1: Swinging Strike
0-2: Ball
1-2: Strikes out swinging
Pitching: RHP Josh Rayburn
Batting: RHB Marcelo Bardelli 0-0: Ball
1-0: Called Strike
1-1: Foul Ball, location: 2F
1-2: Strikes out swinging
Batting: LHB Ben Callaway 0-0: Ball
1-0: Called Strike
1-1: Ball
2-1: Ball
3-1: Foul Ball, location: 2F
3-2: Foul Ball, location: 2F
3-2: Ground out U3 (Groundball, 3, EV 90.0 MPH)
Bottom of the 8th over - 0 runs, 0 hits, 0 errors, 0 left on base; University of Illinois 5 - Ohio State University 0
TOP OF THE 9TH
University of Illinois Fighting Illini batting - Pitching for Ohio State University Buckeyes : RHP Josh Henderson
Batting: RHB Edwardo Tanchez 0-0: Ball
1-0: Fly out, F9 (Flyball, 89M, EV 90.6 MPH)
Batting: RHB Kyle Verkamp 0-0: Called Strike
0-1: Fly out, F7 (Flyball, 7, EV 89.4 MPH)
Batting: LHB Alex Ramos 0-0: Swinging Strike
0-1: Fly out, F9 (Flyball, 9, EV 89.4 MPH)
Top of the 9th over - 0 runs, 0 hits, 0 errors, 0 left on base; University of Illinois 5 - Ohio State University 0
BOTTOM OF THE 9TH
Ohio State University Buckeyes batting - Pitching for University of Illinois Fighting Illini : RHP Josh Rayburn
Batting: RHB Mike Tarantino 0-0: Ball
1-0: Called Strike
1-1: SINGLE (Line Drive, 6D, EV 98.8 MPH)
Batting: LHB Anthony Ross 0-0: Called Strike
0-1: Swinging Strike
0-2: Ball
1-2: Ball
2-2: Strikes out swinging
Batting: RHB Tristan Gimple 0-0: Called Strike
0-1: Called Strike
0-2: Foul Ball, location: 2F
0-2: Ball
1-2: Foul Ball, location: 2F
1-2: Grounds into double play, 5-4-3 (Groundball, 56S, EV 87.5 MPH)
Bottom of the 9th over - 0 runs, 1 hit, 0 errors, 0 left on base; University of Illinois 5 - Ohio State University 0
Thursday, December 15th , 2022 - OOTP Baseball 23.9 Build 102